 Dungeon Crawl Stone Soup version 0.20.1-1-g8b1a95d (webtiles) character file.

107 raph the Grave Robber (level 4, 0/38 HPs)
             Began as a Deep Dwarf Necromancer on Dec 12, 2017.
             Slain by a bullfrog (3 damage)
             ... on level 3 of the Dungeon.
             The game lasted 00:08:24 (4013 turns).

raph the Grave Robber (Deep Dwarf Necromancer)      Turns: 4013, Time: 00:08:25

Health: 0/38       AC:  2    Str: 12    XL:     4   Next: 56%
Magic:  1/7        EV: 13    Int: 16    God:
Gold:   174        SH:  0    Dex: 13    Spells: 2/7 levels left

rFire    . . .     SeeInvis .   f - +0 dagger (elec)
rCold    . . .     Gourm    .   (no shield)
rNeg     . . .     Faith    .   a - +0 robe
rPois    .         Spirit   .   (no helmet)
rElec    .         Reflect  .   (no cloak)
rCorr    .         Harm     .   (no gloves)
MR       .....                  (no boots)
Stlth    ++........             (no amulet)
Regen    0.0/turn               (no ring)
MPRegen  0.1/turn               (no ring)

@: non-regenerating
A: damage resistance, heal wounds, sense surroundings 1, no regeneration
a: Heal Wounds


You were on level 3 of the Dungeon.
You were not hungry.

You visited 1 branch of the dungeon, and saw 3 of its levels.

You collected 174 gold pieces.

Inventory:

Hand Weapons
 e - a +0 quarterstaff
 f - a +0 dagger of electrocution (weapon)
Missiles
 d - 60 stones (quivered)
Armour
 a - a +0 robe (worn)
Scrolls
 h - 2 scrolls of recharging {unknown}
 i - 2 scrolls of remove curse {unknown}
 j - 2 scrolls of enchant armour {unknown}
 k - a scroll of teleportation {unknown}
 n - a scroll of random uselessness {unknown}
 o - 2 scrolls of identify {unknown}
 t - a scroll of immolation {unknown}
Potions
 g - a potion of resistance
 l - 2 potions of brilliance {unknown}
 p - a potion of heal wounds {unknown}
 q - a potion of magic {unknown}
 r - a potion of cancellation {unknown}
Books
 b - a book of Necromancy

   Spells                             Type                      Level
   a - Pain                           Necromancy                   1
   b - Animate Skeleton               Necromancy                   1
   c - Vampiric Draining              Necromancy                   3
   d - Regeneration                   Charms/Necromancy            3
   e - Animate Dead                   Necromancy                   4
   f - Control Undead                 Necromancy                   4
Comestibles
 c - 3 bread rations
 m - a meat ration
 s - 4 chunks of flesh


   Skills:
 + Level 1.4 Fighting
 + Level 2.9 Dodging
 + Level 3.4 Stealth
 + Level 2.2 Spellcasting
 * Level 5.2 Necromancy


You had 2 spell levels left.
You knew the following spells:

 Your Spells              Type           Power        Failure   Level  Hunger
a - Pain                  Necr           ###.         2%          1    #......
b - Animate Skeleton      Necr           N/A          2%          1    #......
c - Vampiric Draining     Necr           ###.......   7%          3    ###....


Dungeon Overview and Level Annotations

Branches:
Dungeon (3/15)

Altars:

Annotations:
D:3 soepske's ghost, amateur DsCK


Innate Abilities, Weirdness & Mutations

You are resistant to damage.
You can heal yourself by infusing magical energy.
You passively map a small area around you.
You do not regenerate.


Message History

Your rat skeleton closely misses the bullfrog.
You hit the bullfrog.
The bullfrog is lightly wounded.
The bullfrog hits you! x2
* * * LOW HITPOINT WARNING * * *
Your rat skeleton bites the bullfrog.
Casting: Pain
Confirm with . or Enter, or press ? or * to list all spells.
Aiming: Pain
Press: ? - help, Shift-Dir - straight line, f - bullfrog
Aim: a bullfrog (lightly wounded, chance to defeat MR: 78%)
The bullfrog writhes in agony!
The bullfrog hits you.
* * * LOW HITPOINT WARNING * * *
Casting: Pain
Confirm with . or Enter, or press ? or * to list all spells.
Aiming: Pain
Press: ? - help, Shift-Dir - straight line, f/p - bullfrog
Aim: a bullfrog (heavily wounded, chance to defeat MR: 78%)
The bullfrog barely resists.
The bullfrog hits you.
You die...

##..##...........))
#...†..............
#F.##..............
*,## ##†............
* #............. # ,
#...........). #.
##.............
#..####...#######....
#..@FZ...# #....
####....## #....
###### #####


You could see a bullfrog and a friendly rat skeleton.

Vanquished Creatures
  3 adders
  3 dart slugs
  2 leopard geckos (D:1)
  2 orcs (D:3)
  7 bats
  5 giant cockroaches
  6 goblins
  11 hobgoblins
  6 jackals
  A quokka (D:2)
  2 frilled lizards (D:2)
  7 kobolds
  7 rats
62 creatures vanquished.

Vanquished Creatures (collateral kills)
  A dart slug (D:1)
  A hobgoblin (D:3)
  A rat (D:3)
3 creatures vanquished.

Grand Total: 65 creatures vanquished

Notes
Turn   | Place    | Note
-------+----------+-------------------------------------------
     0 | D:1      | raph the Deep Dwarf Necromancer began the quest for the Orb.
     0 | D:1      | Reached XP level 1. HP: 15/15 MP: 3/3
    60 | D:1      | Learned a level 1 spell: Animate Skeleton
   311 | D:1      | Reached XP level 2. HP: 24/24 MP: 1/4
   420 | D:1      | You fall through a shaft!
  1204 | D:1      | Reached skill level 1 in Fighting
  1355 | D:2      | Reached XP level 3. HP: 29/31 MP: 2/5
  1360 | D:2      | Learned a level 3 spell: Vampiric Draining
  1991 | D:2      | Reached skill level 5 in Necromancy
  2433 | D:2      | Reached XP level 4. HP: 24/38 MP: 1/7
  2939 | D:3      | Noticed soepske's ghost (amateur DsCK)
  3696 | D:3      | Found a faded altar of an unknown god.
  3981 | D:3      | Noticed a bullfrog
  4013 | D:3      | Slain by a bullfrog

Skill      XL: |  1  2  3 |
---------------+----------+-----
Fighting       | 1 |  1.4
Stealth        | 3 |  3.4
Necromancy     | 5 |  5.2
Spellcasting   | 2 |  2.2
Dodging        | |  2.9

Action                   |  1- 3 |  4- 6 || total
-------------------------+-------+-------++-------
Melee: Quarterstaff      |    21 |       ||    21
       Dagger            |       |    10 ||    10
 Cast: Pain              |    83 |    20 ||   103
       Animate Skeleton  |    21 |     6 ||    27
       Vampiric Draining |     2 |    12 ||    14
  Eat: Chunk             |     7 |     2 ||     9
       Meat ration       |       |     1 ||     1
Armor: Robe              |    15 |    10 ||    25
Dodge: Dodged            |    37 |    24 ||    61
